 Dungeon Sprint DCSS version 0.21-a0-405-gf2af9a1 (webtiles) character file.

14 Kidiri the Cudgeler (level 2, -3/31 HPs)
             Began as a Troll Monk on Nov 1, 2017.
             Slain by a human (7 damage)
             ... in the Dungeon (Sprint III: "The Ten Rune Challenge").
             The game lasted 00:01:07 (184 turns).

Kidiri the Cudgeler (Troll Monk)                     Turns: 184, Time: 00:01:08

Health: -3/31      AC:  5    Str: 18    XL:     2   Next: 31%
Magic:  1/1        EV: 11    Int:  6    God:
Gold:   50         SH:  0    Dex: 14    Spells: 1/1 levels left

rFire    . . .     SeeInvis .   a - +0 mace
rCold    . . .     Gourm    +   (no shield)
rNeg     . . .     Faith    .   b - +0 robe
rPois    .         Spirit   .   (helmet restricted)
rElec    .         Reflect  .   (no cloak)
rCorr    .         Harm     .   (gloves unavailable)
MR       .....     NoTele   +   (boots unavailable)
Stlth    ++........             (no amulet)
HPRegen  0.50/turn              (no ring)
MPRegen  0.07/turn              (no ring)

@: no status effects
A: unfitting armour, claws 3, agile 1, fast metabolism 3, gourmand, regeneration
1, screaming 1, shaggy fur 1, tough skin 2, sturdy frame 1
a: no special abilities


You were in the Dungeon.
You were not hungry.

You visited 1 branch You collected 50 gold pieces.

Inventory:

Hand Weapons
 a - a +0 mace (weapon)
Armour
 b - a +0 robe (worn)
Scrolls
 i - a scroll of blinking
 l - a scroll of torment
 m - a scroll of identify {unknown}
 n - 4 scrolls of remove curse
 q - a scroll of recharging {unknown}
Potions
 d - a potion of curing
 e - a potion of heal wounds
 f - a potion of haste
 g - 2 potions of magic
 h - a potion of berserk rage
 k - 3 potions of mutation
 p - 3 potions of flight
Comestibles
 c - 2 bread rations
 o - a meat ration
 r - 4 fruits


   Skills:
 * Level 3.2 Fighting
 * Level 3.5 Maces & Flails
 + Level 1.1 Armour
 * Level 3.2 Dodging
 - Level 1.0 Stealth


You had one spell level left.
You didn't know any spells.

Dungeon Overview and Level Annotations

Branches:
Dungeon (1/1)

Altars:


Innate Abilities, Weirdness & Mutations

You are too large for most types of armour.
You have claws for hands.
Your metabolism is lightning-fast.
You like to eat raw meat.
Your natural rate of healing is unusually fast.
You are covered in fur. (AC +1)
You have very tough skin. (AC +2)
You are agile. (Dex +2)
You occasionally shout uncontrollably at your foes.
Your movements are slightly less encumbered by armour. (ER -2)


Message History

You barely miss the human.
The human is heavily wounded.
The human completely misses you.
You hit the human.
The human is heavily wounded.
The human hits you.
* * * LOW HITPOINT WARNING * * *
The human misses you.
You closely miss the human.
The human is heavily wounded.
The human hits you.
* * * LOW HITPOINT WARNING * * *
You sock the human!
The human is severely wounded.
The human barely misses you.
Unknown command.
You hit the human.
The human is almost dead.
The human hits you!
You die...

▓.....#....≈♣♣
▓.....#...≈≈.♣.♣..
▓.....#..≈≈≈≈♣.♣..+
▓####'#..≈≈≈≈≈≈.♣.#
▓.....#.≈≈≈≈≈≈....#
▓.....#.≈≈≈≈≈.....#
▓.....#.≈≈≈.......#
▓'#####...........#
▓.........@p......#
▓▓▓▓▓▓▓▓▓▓▓▓▓▓▓▓▓▓▓


You could see a human.

Vanquished Creatures
  2 oozes (D)
  A phantom (D)
  2 rats (D)
5 creatures vanquished.

Vanquished Creatures (others)
  2 draconian scorchers (D)
  6 hellions (D)
  A yaktaur (D)
9 creatures vanquished.

Grand Total: 14 creatures vanquished

Notes
Turn   | Place    | Note
-------+----------+-------------------------------------------
     0 | D        | Kidiri the Troll Monk began the quest for the Orb.
     0 | D        | Reached XP level 1. HP: 22/22 MP: 0/0
    12 | D        | Reached skill level 1 in Armour
    12 | D        | Reached XP level 2. HP: 28/31 MP: 1/1
    99 | D        | Killed a hellion
   101 | D        | Killed a hellion
   112 | D        | Killed a hellion
   112 | D        | Killed a hellion
   112 | D        | Killed a hellion
   113 | D        | Killed a hellion
   116 | D        | Gained mutation: Your movements are slightly less encumbered by armour. (ER -2) [potion of mutation]
   116 | D        | Gained mutation: You occasionally shout uncontrollably at your foes. [potion of mutation]
   116 | D        | Gained mutation: You are agile. (Dex +2) [potion of mutation]
   161 | D        | Killed a white draconian scorcher
   167 | D        | Killed a yaktaur
   172 | D        | Killed a white draconian scorcher
   184 | D        | Slain by a human

Vault maps used:
D:        dungeon_sprint_mu

Skill      XL: |  1 |
---------------+----+-----
Maces & Flails | 3 |  3.5
Fighting       | 3 |  3.2
Armour         | 1 |  1.1
Dodging        | 3 |  3.2
Stealth        | |  1.0

Action                   || total
-------------------------++-------
Melee: Mace              ||    29
  Use: Scroll            ||     1
       Potion            ||     1
  Eat: Chunk             ||     1
Armor: Robe              ||     5
Dodge: Dodged            ||    14

Table legend:
 A = Spawn XP
 B = Non-spawn XP
 C = Spawn XP percentage of total XP
 D = Spawn monster count
 E = Non-spawn monster count
 F = Spawn count percentage of total count
 G = Total turns spent on level
                    A         B        C        D         E        F      G
               +---------+---------+-------+---------+---------+-------+---------
         Total |       0 |      21 |   0.0 |       0 |       5 |   0.0 |   184
               +---------+---------+-------+---------+---------+-------+---------
             D |       0 |      21 |   0.0 |       0 |       5 |   0.0 |   184
               +---------+---------+-------+---------+---------+-------+---------
